 Dungeon Crawl Stone Soup version 0.31.0-11-ge490571c62 (webtiles) character file.

Game seed: 7349403741653971051

612 browni3141 the Chopper (level 7, -1/61 HPs)
             Began as a Minotaur Fighter on Jan 29, 2024.
             Was an Initiate of Okawaru.
             Slain by Prince Ribbit (14 damage)
             ... on level 5 of the Dungeon.
             The game lasted 00:01:31 (3124 turns).

browni3141 the Chopper (Minotaur Fighter)           Turns: 3124, Time: 00:01:31

Health: -1/61      AC:  7    Str: 22    XL:     7   Next: 20%
Magic:  6/6        EV: 13    Int:  5    God:    Okawaru [......]
Gold:   333        SH:  9    Dex: 10    Spells: 6/6 levels left

rFire   . . .        a - +0 war axe
rCold   . . .        i - +0 kite shield
rNeg    . . .        b - +0 scale mail
rPois   +            (helmet restricted)
rElec   .            (no cloak)
rCorr   .            (no gloves)
SInv    .            (no boots)
Will    .....        (no amulet) Stlth
                     m - +5 ring of evasion
HPRegen 0.30/turn    q - ring of poison resistance
MPRegen 0.10/turn

%: no passive effects
@: no status effects
A: horns 2, retaliatory headbutt
a: Renounce Religion


You were on level 5 of the Dungeon.
You worshipped Okawaru.
Okawaru was noncommittal.
You visited 2 branches of the dungeon, and saw 6 of its levels.

You collected 333 gold pieces.

Inventory:

Hand Weapons
 a - a +0 war axe (weapon)
Missiles
 f - 7 boomerangs (quivered)
 t - 5 javelins
Armour
 b - a +0 scale mail (worn)
 c - a +0 buckler
 i - a +0 kite shield (worn)
Jewellery
 m - a +5 ring of evasion (left hand)
 q - a ring of poison resistance (right hand)
Wands
 v - a wand of charming (9)
Scrolls
 e - a scroll of enchant armour {unknown}
 k - 4 scrolls of teleportation {unknown}
 n - a scroll of blinking {unknown}
 o - 5 scrolls of identify {unknown}
 r - a scroll of amnesia {unknown}
Potions
 d - a potion of might
 g - a potion of lignification {unknown}
 h - 2 potions of brilliance {unknown}
 j - 4 potions of curing {unknown}
 l - a potion of degeneration {unknown}
 p - a potion of haste {unknown}
 s - a potion of resistance {unknown}
 u - a potion of magic {unknown}


   Skills:
 + Level 5.4 Fighting
 * Level 6.3 Axes
 + Level 5.4 Armour
 + Level 5.5 Shields


You had 6 spell levels left.
You didn't know any spells.
Your spell library contained the following spells:

 Spells                   Type           Power      Damage    Failure   Level
 Apportation              Tloc           0%         N/A       95%         1
 Sandblast                Erth           0%         2d4       95%         1
 Jinxbite                 Hex            0%         N/A       99%         2
 Dazzling Flash           Conj/Hex       0%         N/A       100%        3
 Mephitic Cloud           Conj/Alch/Air  0%         N/A       100%        3
 Passwall                 Erth           0%         N/A       100%        3
 Stone Arrow              Conj/Erth      0%         3d7       100%        3
 Brom's Barrelling Bould  Conj/Erth      0%         2d3       100%        4
 Alistair's Intoxication  Alch           0%         N/A       100%        5
 Curse of Agony           Necr           0%         N/A       100%        5
 Silence                  Hex/Air        0%         N/A       100%        5


Dungeon Overview and Level Annotations

Branches:
Dungeon (5/15)             Temple (1/1) D:5

Altars:
Ashenzari
Cheibriados
Dithmenos
Fedhas
Gozag
Hepliaklqana
Kikubaaqudgha
Makhleb
Okawaru
Ru
Sif Muna
Uskayaw
Vehumet
Wu Jian
Xom
Yredelemnul
The Shining One

Annotations:
D:5 Prince Ribbit


Innate Abilities, Weirdness & Mutations

You have a pair of horns on your head.
You reflexively headbutt those who attack you in melee.


Message History

You kill the hornet!
Your Axes skill increases to level 6!
You have reached level 7!
No target in view!
HP restored.
Found a stone staircase leading down.
No target in view!
You now have 316 gold pieces (gained 11).
You now have 323 gold pieces (gained 7).
Found a staircase to the Ecumenical Temple.
Key pressed, stopping explore.
No target in view!
Key pressed, stopping explore.
No target in view!
No target in view!
You open the door.
There is an open door here.
A bombardier beetle comes into view.
A bombardier beetle is nearby!
There is an open door here.
You slash the bombardier beetle! You headbutt the bombardier beetle.
You kill the bombardier beetle!
You see here a bombardier beetle corpse.
No target in view!
No target in view!
You see here a bombardier beetle corpse.
There is an open door here.
There is a fountain of clear blue water here.
There is a staircase to the Ecumenical Temple here.
You climb downwards.
Welcome to the Ecumenical Temple!
Found three altars.
Found a staircase back to the Dungeon.
There is a staircase back to the Dungeon here.
Found a blossoming altar of Fedhas.
There is an iron altar of Okawaru here.
You kneel at the altar of Okawaru.
Okawaru welcomes you!
There is a staircase back to the Dungeon here.
You climb upwards.
Welcome back to the Dungeon!
There is a staircase to the Ecumenical Temple here.
No target in view!
No target in view!
A hound comes into view.
The hound barks!
A hound is nearby!
A hound is nearby!
A hound is nearby!
You slash the hound! You headbutt the hound.
You kill the hound!
Okawaru accepts your kill.
You see here a hound corpse.
Key pressed, stopping explore.
No target in view!
No target in view!
No target in view!
Key pressed, stopping explore.
No target in view!
Key pressed, stopping explore.
No target in view!
You now have 333 gold pieces (gained 10).
Key pressed, stopping explore.
No target in view!
No target in view!
You open the door.
There is an open door here.
You open the door.
There is an open door here.
Prince Ribbit comes into view.
Prince Ribbit gives a loud, deep croak!
Prince Ribbit is nearby!
Prince Ribbit is nearby!
Prince Ribbit hits you but does no damage.
You barely miss Prince Ribbit.
Prince Ribbit blinks!
Prince Ribbit hits you!
Prince Ribbit is nearby!
You hit Prince Ribbit but do no damage. You headbutt Prince Ribbit!
Prince Ribbit is moderately wounded.
You block Prince Ribbit's attack. x2
You closely miss Prince Ribbit.
Prince Ribbit is moderately wounded.
You block Prince Ribbit's attack.
Prince Ribbit hits you but does no damage.
Prince Ribbit attacks as he pursues you!
You block Prince Ribbit's attack.
You slash Prince Ribbit!
Prince Ribbit is heavily wounded.
Prince Ribbit catches a spider with his tongue.
Prince Ribbit hits you! x2
You miss Prince Ribbit.
You headbutt Prince Ribbit, but do no damage.
Prince Ribbit is heavily wounded.
You block Prince Ribbit's attack. Prince Ribbit hits you!
You closely miss Prince Ribbit. Your headbutt misses Prince Ribbit.
Prince Ribbit is heavily wounded.
You block Prince Ribbit's attack. x2
You barely miss Prince Ribbit. You headbutt Prince Ribbit!
Prince Ribbit is severely wounded.
You block Prince Ribbit's attack. Prince Ribbit hits you.
You closely miss Prince Ribbit.
Prince Ribbit is severely wounded.
Prince Ribbit hits you!
You die...

#.. #.# #.# #.#
###. ###
##.###....
#.....####...#...#
#.# #...@F.....#.#
#.#
######...#...#.#
#.# ##........#
#.# #.######## #.#
#.# #.# ##'## #<#
##...## ##.##
##.....## #...#
##.......#


You could see Prince Ribbit.

Vanquished Creatures
  A hornet (D:5)
  A kobold brigand (D:4)
  A bombardier beetle (D:5)
  A jelly (D:4)
  A hound (D:5)
  2 orc priests
  An iguana (D:4)
  An orc wizard (D:3)
  7 adders
  2 dart slugs (D:1)
  A ribbon worm (D:4)
  10 orcs
  7 endoplasms
  3 giant cockroaches
  5 hobgoblins
  5 jackals
  A quokka (D:1)
  11 ball pythons
  6 bats (D:1)
  2 frilled lizards (D:2)
  6 goblins
  6 kobolds
  6 rats
87 creatures vanquished.

Notes
Turn   | Place    | Note
-------+----------+-------------------------------------------
     0 | D:1      | browni3141 the Minotaur Fighter began the quest for the
                  | Orb.
     0 | D:1      | Reached XP level 1. HP: 19/19 MP: 0/0
    89 | D:1      | Reached XP level 2. HP: 25/27 MP: 1/1
   149 | D:1      | Reached skill level 3 in Axes
   522 | D:2      | Reached XP level 3. HP: 33/33 MP: 2/2
   524 | D:2      | Found a faded altar of an unknown god.
   652 | D:2      | Reached skill level 4 in Axes
   652 | D:2      | Reached XP level 4. HP: 24/40 MP: 3/3
  1204 | D:3      | Found a shadowy altar of Dithmenos.
  1482 | D:3      | Reached XP level 5. HP: 34/47 MP: 4/4
  2121 | D:4      | Reached skill level 5 in Axes
  2520 | D:4      | Reached skill level 5 in Shields
  2520 | D:4      | Reached XP level 6. HP: 55/55 MP: 5/5
  2533 | D:4      | Found a hide-covered altar of Uskayaw.
  2559 | D:4      | Found a faded altar of an unknown god.
  2567 | D:4      | Reached skill level 5 in Fighting
  2567 | D:4      | Reached skill level 5 in Armour
  2567 | D:4      | Found a hazy altar of Hepliaklqana.
  2737 | D:5      | Entered Level 5 of the Dungeon
  2754 | D:5      | Noticed a hornet
  2760 | D:5      | Killed a hornet
  2761 | D:5      | Reached skill level 6 in Axes
  2761 | D:5      | Reached XP level 7. HP: 42/61 MP: 6/6
  2865 | D:5      | Found a staircase to the Ecumenical Temple.
  2932 | Temple   | Entered the Ecumenical Temple
  2938 | Temple   | Became a worshipper of Warmaster Okawaru
  3113 | D:5      | Noticed Prince Ribbit
  3124 | D:5      | Slain by Prince Ribbit

Illustrated notes

Levels and vault maps discovered:
D:1:      scummos_arrival_simple_crosswalls, layout_rooms, st_stairs_3
D:2:      cheibrodos_pilgrimage, layout_rooms, basic_ecumenical_altar
D:3:      layout_loops_corners, grunt_dithmenos_smoke
D:4:      layout_basic, beargit_hepliaklqana_dungeon_heroes,
          nicolae_uskayaw_murder_on_the_dancefloor, dk_noncrumbling_3
D:5:      layout_loops_corners, grunt_qazlal_clouds, zin_purify,
          minmay_temple_entry_junction, minmay_misc_feat_diagonals, uniq_edmund,
          uniq_prince_ribbit1
Temple:   compressed_dpeg_circular_temple

Skill      XL: |  1  2  3  4  5  6 |
---------------+-------------------+-----
Axes           | 3 4 5 6 |  6.3
Shields        | 4 5 |  5.5
Armour         | 4 5 |  5.4
Fighting       | 4 5 |  5.4

Action                     |  1- 3 |  4- 6 |  7- 9 || total
---------------------------+-------+-------+-------++-------
  Melee: War axe           |    70 |   121 |    10 ||   201
         Headbutt          |     6 |    19 |     5 ||    30
 Armour: Scale mail        |    84 |    54 |     8 ||   146
  Dodge: Dodged            |    40 |    62 |       ||   102
  Block: Buckler           |    18 |       |       ||    18
         Kite shield       |    22 |    53 |     8 ||    83
